 Dungeon Crawl Stone Soup version 0.18.1-5-g4a78601 (webtiles) character file.

726 Liquid the Sneak (level 7, -1/35 HPs)
             Began as a Felid Berserker on May 10, 2016.
             Was a Priest of Trog.
             Slain by a worker ant (3 damage)
             ... on level 5 of the Dungeon.
             The game lasted 00:26:53 (5296 turns).

Liquid the Sneak (Felid Berserker)                  Turns: 5296, Time: 00:26:55

Health: -1/35      AC:  2    Str: 13    XL:     7   Next: 44%
Magic:  8/8        EV: 23    Int:  9    God:    Trog [***...]
Gold:   249        SH:  0    Dex: 17    Spells: 0 memorised, 6 levels left
                                        Lives:  0   Deaths: 2

rFire  . . .     SeeInvis +       - Unarmed
rCold  . . .     Gourm    .     (armour unavailable)
rNeg   . . .     Faith    .     (shield unavailable)
rPois  .         Spirit   .     (helmet unavailable)
rElec  .         Dismiss  .     (cloak unavailable)
rCorr  .         Reflect  .     (gloves unavailable)
SustAt +         Harm     .     (boots unavailable)
MR     +++..                    (no amulet)
Stlth  +++++.....               (no ring)
                                k - ring of sustain attributes

@: lethally poisoned (-1 -> -1), exhausted, regenerating, slowed, slow,
extremely resistant to hostile enchantments, quite stealthy
A: no armour, no weapons or thrown items, claws 1, fangs 3, see invisible,
carnivore 3, speed 1, shaggy fur 2, slow metabolism 1, sharp paws
a: Berserk, Trog's Hand, Burn Spellbooks, Renounce Religion


You were on level 5 of the Dungeon.
You worshipped Trog.
Trog was most pleased with you.
You were not hungry.

You visited 1 branch of the dungeon, and saw 6 of its levels.

You collected 249 gold pieces.

Inventory:

Jewellery
 i - an uncursed ring of ice
 k - a ring of sustain attributes (left paw)
Wands
 j - a wand of slowing (21/48)
 l - a wand of random effects (23/48)
 s - a wand of digging (24/24)
Scrolls
 e - 3 scrolls of magic mapping
 n - a scroll of remove curse {unknown}
 o - 6 scrolls of identify
Potions
 b - a potion of resistance
 d - 3 potions of berserk rage {unknown}
 f - 3 potions of magic {unknown}
 g - a potion of mutation {unknown}
 h - a potion of flight {unknown}
 u - a potion of curing {unknown}
Comestibles
 a - 4 meat rations
 c - a slice of pizza
 p - 2 beef jerkies


   Skills:
 * Level 6.5 Fighting
 + Level 7.6 Dodging
 + Level 7.7 Stealth
 + Level 5.9 Unarmed Combat


You had 6 spell levels left.
You didn't know any spells.

Dungeon Overview and Level Annotations

Branches:
Dungeon (6/15)
 Temple: D:4-7

Altars:
Ashenzari
Nemelex Xobeh
Pakellas
Qazlal
Ru
Sif Muna
Trog
Vehumet
Xom
Zin
The Shining One

Shops:
D:6 ?

Annotations:
D:4 Rekenzichi's ghost, novice DrGl
D:6 Chiseanne's ghost, novice FoFi


Innate Abilities, Weirdness & Mutations

You cannot wear armour.
You are incapable of wielding weapons or throwing items.
You have sharp claws.
You have razor-sharp teeth.
You have supernaturally acute eyesight.
You are carnivorous and can eat meat at any time.
You cover ground quickly.
You are covered in thick fur (AC +2).
You have a slow metabolism.
Your sharp claws are effective at attacking unaware monsters.


Message History

You are more poisoned.
The worker ant poisons you! A mysterious force pulls you upwards.
The hatch slams shut behind you.
Your skin stops crawling.
You feel less resistant to hostile enchantments.
* * * LOW HITPOINT WARNING * * *
You feel sick.
Your skin crawls.
You feel resistant to hostile enchantments.
You feel sick. The orc wizard casts a spell at you.
The puff of flame misses you. The worker ant closely misses you.
The orc wizard hits you but does no damage.
The phantom closely misses you.
You scratch the worker ant but do no damage.
The worker ant is heavily wounded.
You feel sick.
The orc wizard gestures at you while chanting.
The puff of frost misses you. The worker ant bites you.
You die...

#.#..#+###.#####.###.........##
###.#........)÷...#...........##
#........###.#####.###..#...###
#.#.#....# #.#####.........## ##
.........# #............##.# #§
.#.......# #######.#.....#.#####.
###..(...# ##...###.........
.#..####.########o..#...#........
...## #.......W@a.###_###..#####
#### ###########..#...#...#
##..###....# ##.......##
####...## #####


You could see a phantom, a worker ant and an orc wizard.

Vanquished Creatures
  Grinder (D:5)
  Edmund (D:5)
  An ice beast (D:6)
  3 ogres
  Blork the orc (D:6)
  A giant frog (D:6)
  6 wights (D:6)
  A crimson imp (D:5)
  2 hounds (D:4)
  An orc priest (D:3)
  5 orc wizards
  2 worker ant zombies (D:5)
  10 adders
  A shadow imp (D:6)
  2 oozes
  An adder zombie (D:5)
  2 adder skeletons
  3 worms
  A dart slug (D:2)
  A giant gecko (D:3)
  12 orcs
  6 giant cockroaches
  7 goblins
  2 hobgoblins (D:1)
  14 jackals
  A quokka (D:4)
  2 ball pythons
  5 bats
  6 giant newts
  A jackal skeleton (D:3)
  6 kobolds
  6 rats
  A plant (D:1)
115 creatures vanquished.

Notes
Turn   | Place    | Note
--------------------------------------------------------------
     0 | D:1      | Liquid the Felid Berserker began the quest for the Orb.
     0 | D:1      | Reached XP level 1. HP: 10/10 MP: 2/2
    73 | D:1      | Reached skill level 1 in Stealth
    78 | D:1      | Reached XP level 2. HP: 13/14 MP: 3/3
   674 | D:1      | Reached ** piety under Trog
  1174 | D:1      | Reached XP level 3. HP: 17/17 MP: 4/4
  1648 | D:2      | Reached XP level 4. HP: 21/21 MP: 5/5
  1659 | D:2      | Found a stormy altar of Qazlal.
  1897 | D:3      | Found a sacrificial altar of Ru.
  2015 | D:3      | Found a shattered altar of Ashenzari.
  2178 | D:3      | Reached skill level 5 in Stealth
  2338 | D:3      | Reached XP level 5. HP: 12/25 MP: 6/6
  2558 | D:3      | Found a shattered altar of Ashenzari.
  3067 | D:4      | Noticed Rekenzichi's ghost (novice DrGl)
  3146 | D:4      | Gained mutation: You are covered in thick fur (AC +2). [Felid growth]
  3146 | D:4      | Reached XP level 6. HP: 28/28 MP: 7/7
  3147 | D:4      | Reached *** piety under Trog
  3258 | D:4      | Found a sparkling altar of Nemelex Xobeh.
  3258 | D:4      | Found a glowing silver altar of Zin.
  3363 | D:5      | Entered Level 5 of the Dungeon
  3363 | D:5      | Noticed Grinder
  3377 | D:5      | Killed Grinder
  3471 | D:5      | Found a radiant altar of Vehumet.
  3472 | D:5      | Found a shimmering altar of Xom.
  3504 | D:5      | Found an oddly glowing altar of Pakellas.
  3606 | D:5      | Reached XP level 7. HP: 32/32 MP: 8/8
  3649 | D:5      | Found a bloodstained altar of Trog.
  3773 | D:5      | Found a glowing golden altar of the Shining One.
  4072 | D:5      | Killed from afar by an orc wizard
  4073 | D:5      | Reached XP level 6. HP: -1/29 MP: 7/7
  4257 | D:5      | Noticed Edmund
  4269 | D:5      | Killed Edmund
  4269 | D:5      | Reached skill level 5 in Fighting
  4269 | D:5      | Reached skill level 5 in Unarmed Combat
  4337 | D:6      | Found a deep blue altar of Sif Muna.
  4398 | D:6      | Noticed Chiseanne's ghost (novice FoFi)
  4426 | D:6      | Noticed an ice beast
  4442 | D:6      | Killed an ice beast
  4442 | D:6      | Reached XP level 7. HP: 33/33 MP: 8/8
  4721 | D:6      | Found Keng's Magic Scroll Shoppe.
  4808 | D:6      | Noticed Blork the orc
  4830 | D:6      | Killed Blork the orc
  5042 | D:6      | Slain by Chiseanne's ghost
  5043 | D:6      | Reached XP level 6. HP: -1/31 MP: 7/7
  5077 | D:6      | Reached XP level 7. HP: 34/34 MP: 8/8
  5294 | D:5      | HP: 1/35 [poisoned by a worker ant]
  5296 | D:5      | Slain by a worker ant

Skill      XL: |  1  2  3  4  5  6  7 |
---------------+----------------------+-----
Stealth        | 2 3 4 5 6 7 |  7.7
Fighting       | 4 5 6 |  6.5
Dodging        | 6 7 |  7.6
Unarmed Combat | 5 |  5.9

Action                   |  1- 3 |  4- 6 |  7- 9 || total
-------------------------+-------+-------+-------++-------
Melee: Unarmed           |   121 |   154 |   105 ||   380
       Bite              |    19 |    19 |    15 ||    53
       Punch             |     4 |     7 |     2 ||    13
Invok: Berserk           |     3 |     6 |     6 ||    15
       Trog's Hand       |     1 |     2 |     9 ||    12
       Burn Spellbooks   |       |       |     1 ||     1
  Use: Scroll            |       |       |     8 ||     8
       Potion            |       |       |     1 ||     1
 Stab: Sleeping          |     7 |    14 |     5 ||    26
  Eat: Chunk             |    12 |    13 |    10 ||    35
Armor: Skin              |       |     2 |     4 ||     6
Dodge: Dodged            |    60 |   121 |   105 ||   286
